Senators vs Bruins

Created - January 11 2012 at 17:30

Goals
1 2 3 T
Senators 2 0 0 2
Bruins 3 1 0 4
Shots
1 2 3 T
Senators 20 7 6 33
Bruins 10 12 4 26

Period #1

1. Bruins , Zdeno Chara 12 (Chris Kelly, Jordan Leopold) at 1:15
2. Senators , Jason Spezza 20 (Brad Boyes, Dion Phaneuf) at 3:02 (PP)
3. Senators , Jan Hejda 3 (Claude Giroux, Sidney Crosby) at 9:28 (PP)
4. Bruins , Nathan Horton 13 (Tobias Enstrom, Rick Nash) at 17:30 (PP)
5. Bruins , Ales Hemsky 14 (Milan Lucic, Dennis Seidenberg) at 18:05 (PP)

Penalties :
Ales Hemsky (BOS) for Tripping (Minor) at 1:34, Milan Lucic (BOS) for Holding (Minor) at 4:46, Rick Nash (BOS) for Hooking (Minor) at 9:14, Evander Kane (BOS) for Slashing (Minor) at 9:42, David Krejci (BOS) for Holding (Minor) at 11:43, Dennis Seidenberg (BOS) for Hooking (Minor) at 15:12, Nick Foligno (OTT) for Unsportsmanlike conduct (Major / Game Misconduct) at 15:12

Period #2

6. Bruins , Derick Brassard 10 (Rich Peverley, Gregory Campbell) at 19:47

Penalties :
Jason Spezza (OTT) for Roughing (Double Minor) at 3:32, Milan Lucic (BOS) for Roughing (Minor) at 4:45, Zdeno Chara (BOS) for Hooking (Minor) at 14:19

Period #3

No Goal

Penalties :
Brian Rafalski (OTT) for Roughing (Minor) at 0:09, Evander Kane (BOS) for Hooking (Minor) at 3:28, Derek Morris (OTT) for High sticking (Double Minor) at 5:34, Ruslan Fedotenko (OTT) for Hooking (Minor) at 6:23, Adam McQuaid (BOS) for Roughing (Minor) at 9:40, Claude Giroux (OTT) for Hooking (Minor) at 12:42, Tobias Enstrom (BOS) for Hooking (Minor) at 15:47

Goalie Stats

Carey Price (OTT), 22 saves from 26 shots - (0.846), L, 24-10-4, 60:00 minutes
Tuukka Rask (BOS), 31 saves from 33 shots - (0.939), W, 6-3-0, 60:00 minutes

Players Stats

Senators
Player Name              G  A  P  +/- PIM S  H  SB FO    MP 
------------------------------------------------------------
Andreas Lilja            0  0  0  -1  0   0  1  0  0/0   20 
Brad Boyes               0  1  1  -1  0   3  0  0  2/3   22 
Brian Rafalski           0  0  0  -1  2   2  1  0  0/0   21 
Claude Giroux            0  1  1  -1  2   6  1  0  0/0   19 
Cory Stillman            0  0  0   0  0   1  0  0  0/0   8  
Craig Conroy             0  0  0   0  0   0  0  0  11/16 11 
Derek Morris             0  0  0   0  4   1  1  2  0/0   16 
Dion Phaneuf             0  1  1  -1  0   4  3  0  0/0   23 
Jamie Benn               0  0  0  -1  0   1  2  0  0/1   17 
Jan Hejda                1  0  1  -1  0   1  1  1  0/0   24 
Jason Spezza             1  0  1  -1  4   3  0  0  11/21 17 
Joffrey Lupul            0  0  0   0  0   1  3  0  1/1   12 
John Tavares             0  0  0   0  0   6  0  0  7/15  16 
Nick Foligno             0  0  0   0  15  1  0  0  1/1   5  
Nicklas Lidstrom         0  0  0   0  0   0  0  1  0/0   15 
Ruslan Fedotenko         0  0  0  -1  2   1  3  0  1/2   13 
Ryan Johnson             0  0  0   0  0   0  0  0  5/11  6  
Sidney Crosby            0  1  1  -1  0   2  3  0  15/29 18 
Bruins
Player Name              G  A  P  +/- PIM S  H  SB FO    MP 
------------------------------------------------------------
Adam McQuaid             0  0  0   1  2   0  0  1  0/0   14 
Ales Hemsky              1  0  1   0  2   2  0  0  1/4   16 
Chris Kelly              0  1  1   1  0   1  0  0  5/13  10 
David Krejci             0  0  0   0  2   0  0  0  11/28 19 
Dennis Seidenberg        0  1  1   1  2   1  1  3  0/0   23 
Derick Brassard          1  0  1   1  0   2  1  0  2/6   6  
Evander Kane             0  0  0   1  4   1  1  0  0/1   8  
Gregory Campbell         0  1  1   1  0   0  0  0  0/1   13 
Jordan Leopold           0  1  1   1  0   3  0  3  0/0   18 
Milan Lucic              0  1  1   0  4   0  3  0  0/0   19 
Nathan Horton            1  0  1   0  0   3  0  0  0/2   15 
Patrice Bergeron         0  0  0   0  0   3  0  0  25/41 22 
Rich Peverley            0  1  1   1  0   2  0  0  2/4   12 
Rick Nash                0  1  1   0  2   1  2  0  0/0   16 
Tobias Enstrom           0  1  1   0  2   1  0  0  0/0   16 
Tyler Seguin             0  0  0   1  0   1  0  0  0/0   8  
Zach Bogosian            0  0  0   0  0   1  0  0  0/0   20 
Zdeno Chara              1  0  1   1  2   4  5  2  0/0   24 

3 Stars

1 - Zdeno Chara (BOS)
2 - Derick Brassard (BOS)
3 - Tuukka Rask (BOS)

Power Play

Senators - 2 on 10 Attempt(s) - 20.00%
Bruins - 2 on 7 Attempt(s) - 28.57%

Penalty Kill

Senators - 5 on 7 Attempt(s) - 71.43% - Score 0 goal in Penalty Kill
Bruins - 8 on 10 Attempt(s) - 80.00% - Score 0 goal in Penalty Kill

Game Notes

Nick Foligno ejected from game at 15:12 of 1st period

Finance

Level 1 -- Attendance: 6145 (94.54%) -- Ticket Income $460,875.00
Level 2 -- Attendance: 5000 (100.00%) -- Ticket Income $250,000.00
Level 3 -- Attendance: 3500 (100.00%) -- Ticket Income $105,000.00
Level 4 -- Attendance: 1565 (100.00%) -- Ticket Income $31,300.00
Luxury Box -- Attendance: 1000 (100.00%) -- Ticket Income $150,000.00
Game was played at the TD Garden
Total Attendance: 17210 (97.98%)
Total Ticket Income: $1,081,283.00
Other Income: $211,318.80
Total Income: $1,292,602.00


Play by Play

Period #1

0:01 of 1st period - Ruslan Fedotenko wins face-off versus David Krejci in neutral zone.
0:16 of 1st period - Brian Rafalski is hit by Milan Lucic and loses puck.
0:36 of 1st period - Off-side.
0:37 of 1st period - Jason Spezza wins face-off versus Patrice Bergeron in neutral zone.
0:42 of 1st period - Shot by Jamie Benn.
0:42 of 1st period - Stopped by Tuukka Rask without a rebound.
0:43 of 1st period - Patrice Bergeron wins face-off versus John Tavares in Bruins zone.
0:43 of 1st period - Tobias Enstrom is hit by Joffrey Lupul and loses puck.
0:52 of 1st period - Shot by John Tavares.
0:52 of 1st period - Shot Misses the Net.
0:56 of 1st period - Shot by John Tavares.
0:56 of 1st period - Stopped by Tuukka Rask without a rebound.
0:57 of 1st period - Chris Kelly wins face-off versus Jason Spezza in Bruins zone.
0:57 of 1st period - Chris Kelly is hit by Jamie Benn.
1:13 of 1st period - Shot by Chris Kelly.
1:13 of 1st period - Shot Misses the Net.
1:15 of 1st period - Shot by Zdeno Chara.
1:15 of 1st period - Goal by Zdeno Chara - Senators : 0 - Bruins : 1.
1:16 of 1st period - John Tavares wins face-off versus Patrice Bergeron in neutral zone.
1:19 of 1st period - Shot by John Tavares.
1:19 of 1st period - Stopped by Tuukka Rask without a rebound.
1:20 of 1st period - Patrice Bergeron wins face-off versus Sidney Crosby in Bruins zone.
1:20 of 1st period - Patrice Bergeron is hit by Ruslan Fedotenko.
1:34 of 1st period - Minor Penalty to Ales Hemsky for Tripping.
1:35 of 1st period - Jason Spezza wins face-off versus David Krejci in Bruins zone.
1:48 of 1st period - Shot by Jamie Benn.
1:48 of 1st period - Shot Blocked by Dennis Seidenberg.
1:50 of 1st period - Shot by Jason Spezza.
1:50 of 1st period - Stopped by Tuukka Rask with a rebound.
1:52 of 1st period - Shot by Dion Phaneuf.
1:52 of 1st period - Stopped by Tuukka Rask without a rebound.
1:53 of 1st period - Sidney Crosby wins face-off versus Patrice Bergeron in Bruins zone.
2:06 of 1st period - Adam McQuaid is hit by Sidney Crosby and loses puck.
2:16 of 1st period - Icing by Claude Giroux.
2:17 of 1st period - Sidney Crosby wins face-off versus David Krejci in Senators zone.
3:00 of 1st period - Shot by Brad Boyes.
3:00 of 1st period - Stopped by Tuukka Rask with a rebound.
3:02 of 1st period - Shot by Brad Boyes.
3:02 of 1st period - Deflect By Jason Spezza.
3:02 of 1st period - Goal by Jason Spezza - Senators : 1 - Bruins : 1.
3:03 of 1st period - John Tavares wins face-off versus Evander Kane in neutral zone.
3:24 of 1st period - Shot by Tyler Seguin.
3:24 of 1st period - Stopped by Carey Price without a rebound.
3:25 of 1st period - Jason Spezza wins face-off versus Patrice Bergeron in Senators zone.
4:46 of 1st period - Minor Penalty to Milan Lucic for Holding.
4:47 of 1st period - Sidney Crosby wins face-off versus David Krejci in Bruins zone.
5:04 of 1st period - Shot by Claude Giroux.
5:04 of 1st period - Stopped by Tuukka Rask without a rebound.
5:05 of 1st period - Sidney Crosby wins face-off versus Patrice Bergeron in Bruins zone.
5:14 of 1st period - Shot by Sidney Crosby.
5:14 of 1st period - Stopped by Tuukka Rask with a rebound.
5:16 of 1st period - Shot by Nick Foligno.
5:16 of 1st period - Stopped by Tuukka Rask with a rebound.
5:20 of 1st period - Shot by Claude Giroux.
5:20 of 1st period - Stopped by Tuukka Rask without a rebound.
5:21 of 1st period - Sidney Crosby wins face-off versus David Krejci in Bruins zone.
5:42 of 1st period - Icing by Sidney Crosby.
5:43 of 1st period - David Krejci wins face-off versus Sidney Crosby in Senators zone.
5:43 of 1st period - David Krejci is hit by Jan Hejda.
5:48 of 1st period - Icing by Claude Giroux.
5:49 of 1st period - Nick Foligno wins face-off versus Patrice Bergeron in Senators zone.
6:40 of 1st period - Shot by Claude Giroux.
6:40 of 1st period - Stopped by Tuukka Rask without a rebound.
6:41 of 1st period - Patrice Bergeron wins face-off versus Sidney Crosby in Bruins zone.
6:54 of 1st period - Shot by Evander Kane.
6:54 of 1st period - Stopped by Carey Price without a rebound.
6:55 of 1st period - John Tavares wins face-off versus Chris Kelly in Senators zone.
8:06 of 1st period - Icing by Dennis Seidenberg.
8:07 of 1st period - Jason Spezza wins face-off versus Derick Brassard in Bruins zone.
9:07 of 1st period - Shot by Rick Nash.
9:07 of 1st period - Shot Misses the Net.
9:14 of 1st period - Minor Penalty to Rick Nash for Hooking.
9:15 of 1st period - Sidney Crosby wins face-off versus Patrice Bergeron in Bruins zone.
9:22 of 1st period - Shot by Claude Giroux.
9:22 of 1st period - Shot Misses the Net.
9:26 of 1st period - Shot by Sidney Crosby.
9:26 of 1st period - Deflect By Claude Giroux.
9:26 of 1st period - Shot Blocked by Zdeno Chara.
9:28 of 1st period - Shot by Jan Hejda.
9:28 of 1st period - Goal by Jan Hejda - Senators : 2 - Bruins : 1.
9:29 of 1st period - John Tavares wins face-off versus Chris Kelly in neutral zone.
9:42 of 1st period - Minor Penalty to Evander Kane for Slashing.
9:43 of 1st period - David Krejci wins face-off versus Jason Spezza in Bruins zone.
9:58 of 1st period - Shot by Dion Phaneuf.
9:58 of 1st period - Shot Misses the Net.
10:00 of 1st period - Shot by Brian Rafalski.
10:00 of 1st period - Stopped by Tuukka Rask without a rebound.
10:01 of 1st period - Patrice Bergeron wins face-off versus Sidney Crosby in Bruins zone.
10:34 of 1st period - Claude Giroux is hit by Milan Lucic and loses puck.
11:20 of 1st period - Shot by Jamie Benn.
11:20 of 1st period - Shot Misses the Net.
11:24 of 1st period - Shot by Brad Boyes.
11:24 of 1st period - Deflect By Jason Spezza.
11:24 of 1st period - Stopped by Tuukka Rask without a rebound.
11:25 of 1st period - David Krejci wins face-off versus Jason Spezza in Bruins zone.
11:43 of 1st period - Minor Penalty to David Krejci for Holding.
11:44 of 1st period - Sidney Crosby wins face-off versus Nathan Horton in Bruins zone.
11:53 of 1st period - Shot by Sidney Crosby.
11:53 of 1st period - Shot Misses the Net.
12:50 of 1st period - Shot by Dion Phaneuf.
12:50 of 1st period - Stopped by Tuukka Rask without a rebound.
12:51 of 1st period - Patrice Bergeron wins face-off versus John Tavares in Bruins zone.
13:51 of 1st period - Derek Morris is hit by Zdeno Chara and loses puck.
13:57 of 1st period - Nick Foligno is hit by Zdeno Chara.
14:05 of 1st period - Shot by Ruslan Fedotenko.
14:05 of 1st period - Stopped by Tuukka Rask with a rebound.
14:09 of 1st period - Shot by Ruslan Fedotenko.
14:09 of 1st period - Shot Misses the Net.
14:11 of 1st period - Shot by Derek Morris.
14:11 of 1st period - Stopped by Tuukka Rask without a rebound.
14:12 of 1st period - Ales Hemsky wins face-off versus Sidney Crosby in Bruins zone.
14:12 of 1st period - Ales Hemsky is hit by Ruslan Fedotenko.
14:57 of 1st period - Off-side.
14:58 of 1st period - Craig Conroy wins face-off versus Derick Brassard in neutral zone.
15:03 of 1st period - Shot by Joffrey Lupul.
15:03 of 1st period - Shot Misses the Net.
15:05 of 1st period - Shot by Joffrey Lupul.
15:05 of 1st period - Stopped by Tuukka Rask with a rebound.
15:12 of 1st period - Minor Penalty to Dennis Seidenberg for Hooking.
15:12 of 1st period - Major / Game Misconduct Penalty to Nick Foligno for Unsportsmanlike conduct.
15:12 of 1st period - Nick Foligno is ejected from game.
15:13 of 1st period - Jason Spezza wins face-off versus Rich Peverley in Bruins zone.
15:35 of 1st period - Icing by Rich Peverley.
15:36 of 1st period - Sidney Crosby wins face-off versus Rich Peverley in Bruins zone.
15:47 of 1st period - Shot by Claude Giroux.
15:47 of 1st period - Stopped by Tuukka Rask without a rebound.
15:48 of 1st period - Chris Kelly wins face-off versus Sidney Crosby in Bruins zone.
16:02 of 1st period - Adam McQuaid is hit by Sidney Crosby and loses puck.
17:30 of 1st period - Shot by Nathan Horton.
17:30 of 1st period - Goal by Nathan Horton - Senators : 2 - Bruins : 2.
17:31 of 1st period - Craig Conroy wins face-off versus David Krejci in neutral zone.
17:37 of 1st period - Icing by Milan Lucic.
17:38 of 1st period - David Krejci wins face-off versus Craig Conroy in Bruins zone.
17:56 of 1st period - Milan Lucic is hit by Dion Phaneuf and loses puck.
18:05 of 1st period - Shot by Milan Lucic.
18:05 of 1st period - Deflect By Ales Hemsky.
18:05 of 1st period - Goal by Ales Hemsky - Senators : 2 - Bruins : 3.
18:06 of 1st period - Craig Conroy wins face-off versus Patrice Bergeron in neutral zone.
18:06 of 1st period - Derek Morris is hit by Rick Nash and loses puck.
18:35 of 1st period - Shot by Patrice Bergeron.
18:35 of 1st period - Stopped by Carey Price without a rebound.
18:36 of 1st period - Ryan Johnson wins face-off versus David Krejci in Senators zone.
19:21 of 1st period - Shot by Tobias Enstrom.
19:21 of 1st period - Stopped by Carey Price without a rebound.
19:22 of 1st period - Craig Conroy wins face-off versus Patrice Bergeron in Senators zone.
19:33 of 1st period - Shot by Patrice Bergeron.
19:33 of 1st period - Stopped by Carey Price without a rebound.
19:34 of 1st period - Patrice Bergeron wins face-off versus Craig Conroy in Senators zone.
19:37 of 1st period - Shot by Nathan Horton.
19:37 of 1st period - Stopped by Carey Price without a rebound.
19:38 of 1st period - Ryan Johnson wins face-off versus Ales Hemsky in Senators zone.
19:57 of 1st period - Shot by Jordan Leopold.
19:57 of 1st period - Stopped by Carey Price without a rebound.
19:58 of 1st period - Patrice Bergeron wins face-off versus Ryan Johnson in Senators zone.

Period #2

0:01 of 2nd period - Patrice Bergeron wins face-off versus Brad Boyes in neutral zone.
0:21 of 2nd period - Derick Brassard is hit by Brian Rafalski and loses puck.
0:54 of 2nd period - Shot by Sidney Crosby.
0:54 of 2nd period - Shot Misses the Net.
1:33 of 2nd period - Off-side.
1:34 of 2nd period - Chris Kelly wins face-off versus John Tavares in neutral zone.
1:56 of 2nd period - Shot by Chris Kelly.
1:56 of 2nd period - Shot Blocked by Nicklas Lidstrom.
2:00 of 2nd period - Shot by Evander Kane.
2:00 of 2nd period - Shot Misses the Net.
2:09 of 2nd period - Icing by John Tavares.
2:10 of 2nd period - John Tavares wins face-off versus Patrice Bergeron in Senators zone.
2:17 of 2nd period - Shot by Cory Stillman.
2:17 of 2nd period - Stopped by Tuukka Rask without a rebound.
2:18 of 2nd period - Patrice Bergeron wins face-off versus Sidney Crosby in Bruins zone.
2:18 of 2nd period - Patrice Bergeron is hit by Sidney Crosby.
3:32 of 2nd period - Double Minor Penalty to Jason Spezza for Roughing.
3:33 of 2nd period - Craig Conroy wins face-off versus David Krejci in Senators zone.
3:52 of 2nd period - Shot by Dennis Seidenberg.
3:52 of 2nd period - Stopped by Carey Price with a rebound.
4:24 of 2nd period - Shot by Tobias Enstrom.
4:24 of 2nd period - Shot Misses the Net.
4:26 of 2nd period - Shot by Rick Nash.
4:26 of 2nd period - Shot Blocked by Derek Morris.
4:36 of 2nd period - Shot by Rick Nash.
4:36 of 2nd period - Stopped by Carey Price without a rebound.
4:37 of 2nd period - Ryan Johnson wins face-off versus David Krejci in Senators zone.
4:45 of 2nd period - Minor Penalty to Milan Lucic for Roughing.
4:46 of 2nd period - Brad Boyes wins face-off versus Chris Kelly in Bruins zone.
4:47 of 2nd period - Shot by Jamie Benn.
4:47 of 2nd period - Deflect By Brad Boyes.
4:47 of 2nd period - Stopped by Tuukka Rask without a rebound.
4:48 of 2nd period - Rich Peverley wins face-off versus Jamie Benn in Bruins zone.
5:44 of 2nd period - Icing by Dion Phaneuf.
5:45 of 2nd period - Brad Boyes wins face-off versus Chris Kelly in Senators zone.
6:01 of 2nd period - Icing by Zdeno Chara.
6:02 of 2nd period - Sidney Crosby wins face-off versus Chris Kelly in Bruins zone.
6:03 of 2nd period - Shot by Claude Giroux.
6:03 of 2nd period - Stopped by Tuukka Rask without a rebound.
6:04 of 2nd period - Sidney Crosby wins face-off versus Chris Kelly in Bruins zone.
6:04 of 2nd period - Claude Giroux is hit by Zdeno Chara and loses puck.
6:25 of 2nd period - Shot by Zdeno Chara.
6:25 of 2nd period - Stopped by Carey Price without a rebound.
6:26 of 2nd period - Rich Peverley wins face-off versus Sidney Crosby in Senators zone.
6:43 of 2nd period - Shot by Jordan Leopold.
6:43 of 2nd period - Stopped by Carey Price without a rebound.
6:44 of 2nd period - Chris Kelly wins face-off versus John Tavares in Senators zone.
6:55 of 2nd period - Shot by Rick Nash.
6:55 of 2nd period - Shot Misses the Net.
6:59 of 2nd period - Shot by Zdeno Chara.
6:59 of 2nd period - Stopped by Carey Price without a rebound.
7:00 of 2nd period - David Krejci wins face-off versus Craig Conroy in Senators zone.
7:03 of 2nd period - Shot by Ales Hemsky.
7:03 of 2nd period - Stopped by Carey Price without a rebound.
7:04 of 2nd period - Ryan Johnson wins face-off versus David Krejci in Senators zone.
7:24 of 2nd period - Icing by David Krejci.
7:25 of 2nd period - David Krejci wins face-off versus Ryan Johnson in Bruins zone.
8:40 of 2nd period - Icing by Zach Bogosian.
8:41 of 2nd period - Sidney Crosby wins face-off versus Ales Hemsky in Bruins zone.
8:48 of 2nd period - Shot by Sidney Crosby.
8:48 of 2nd period - Shot Misses the Net.
8:50 of 2nd period - Shot by Sidney Crosby.
8:50 of 2nd period - Stopped by Tuukka Rask without a rebound.
8:51 of 2nd period - Sidney Crosby wins face-off versus David Krejci in Bruins zone.
9:20 of 2nd period - Shot by Sidney Crosby.
9:20 of 2nd period - Shot Blocked by Dennis Seidenberg.
9:45 of 2nd period - Icing by Zdeno Chara.
9:46 of 2nd period - Jason Spezza wins face-off versus David Krejci in Bruins zone.
9:58 of 2nd period - Brad Boyes is hit by Dennis Seidenberg and loses puck.
10:35 of 2nd period - Off-side.
10:36 of 2nd period - John Tavares wins face-off versus Derick Brassard in neutral zone.
12:44 of 2nd period - Shot by Ales Hemsky.
12:44 of 2nd period - Shot Misses the Net.
12:46 of 2nd period - Shot by Zach Bogosian.
12:46 of 2nd period - Stopped by Carey Price without a rebound.
12:47 of 2nd period - Derick Brassard wins face-off versus Jason Spezza in Senators zone.
12:56 of 2nd period - Shot by Derick Brassard.
12:56 of 2nd period - Stopped by Carey Price with a rebound.
13:02 of 2nd period - Shot by Jason Spezza.
13:02 of 2nd period - Shot Blocked by Dennis Seidenberg.
13:04 of 2nd period - Shot by Dion Phaneuf.
13:04 of 2nd period - Shot Blocked by Adam McQuaid.
13:06 of 2nd period - Shot by Brad Boyes.
13:06 of 2nd period - Stopped by Tuukka Rask without a rebound.
13:07 of 2nd period - David Krejci wins face-off versus Craig Conroy in Bruins zone.
13:22 of 2nd period - Nicklas Lidstrom is hit by Milan Lucic and loses puck.
13:43 of 2nd period - David Krejci is hit by Derek Morris and loses puck.
14:03 of 2nd period - Off-side.
14:04 of 2nd period - Patrice Bergeron wins face-off versus Jason Spezza in neutral zone.
14:14 of 2nd period - Icing by Andreas Lilja.
14:15 of 2nd period - Jason Spezza wins face-off versus Chris Kelly in Senators zone.
14:19 of 2nd period - Minor Penalty to Zdeno Chara for Hooking.
14:20 of 2nd period - Patrice Bergeron wins face-off versus Sidney Crosby in Bruins zone.
15:13 of 2nd period - Shot by Dion Phaneuf.
15:13 of 2nd period - Shot Blocked by Jordan Leopold.
15:15 of 2nd period - Shot by Dion Phaneuf.
15:15 of 2nd period - Stopped by Tuukka Rask without a rebound.
15:16 of 2nd period - Jason Spezza wins face-off versus Patrice Bergeron in Bruins zone.
15:17 of 2nd period - Shot by Dion Phaneuf.
15:17 of 2nd period - Shot Misses the Net.
16:29 of 2nd period - Shot by Chris Kelly.
16:29 of 2nd period - Stopped by Carey Price without a rebound.
16:30 of 2nd period - Joffrey Lupul wins face-off versus Chris Kelly in Senators zone.
16:41 of 2nd period - Shot by John Tavares.
16:41 of 2nd period - Shot Misses the Net.
17:13 of 2nd period - Icing by Andreas Lilja.
17:14 of 2nd period - Jason Spezza wins face-off versus Derick Brassard in Senators zone.
17:14 of 2nd period - Jason Spezza is hit by Derick Brassard.
17:22 of 2nd period - Shot by Rich Peverley.
17:22 of 2nd period - Stopped by Carey Price with a rebound.
17:26 of 2nd period - Shot by Derick Brassard.
17:26 of 2nd period - Deflect By Rich Peverley.
17:26 of 2nd period - Stopped by Carey Price without a rebound.
17:27 of 2nd period - Patrice Bergeron wins face-off versus Ruslan Fedotenko in Senators zone.
17:33 of 2nd period - Off-side.
17:34 of 2nd period - Patrice Bergeron wins face-off versus Sidney Crosby in neutral zone.
17:47 of 2nd period - Shot by Patrice Bergeron.
17:47 of 2nd period - Shot Blocked by Jan Hejda.
17:56 of 2nd period - Off-side.
17:57 of 2nd period - Craig Conroy wins face-off versus David Krejci in neutral zone.
19:28 of 2nd period - Shot by Sidney Crosby.
19:28 of 2nd period - Deflect By Claude Giroux.
19:28 of 2nd period - Stopped by Tuukka Rask without a rebound.
19:29 of 2nd period - Derick Brassard wins face-off versus Sidney Crosby in Bruins zone.
19:47 of 2nd period - Shot by Derick Brassard.
19:47 of 2nd period - Goal by Derick Brassard - Senators : 2 - Bruins : 4.
19:48 of 2nd period - Chris Kelly wins face-off versus John Tavares in neutral zone.

Period #3

0:01 of 3rd period - David Krejci wins face-off versus Sidney Crosby in neutral zone.
0:09 of 3rd period - Minor Penalty to Brian Rafalski for Roughing.
0:10 of 3rd period - Patrice Bergeron wins face-off versus Craig Conroy in Senators zone.
0:18 of 3rd period - Icing by Tobias Enstrom.
0:19 of 3rd period - Craig Conroy wins face-off versus Nathan Horton in Bruins zone.
0:20 of 3rd period - Shot by Brad Boyes.
0:20 of 3rd period - Shot Blocked by Zdeno Chara.
0:26 of 3rd period - Shot by Tobias Enstrom.
0:26 of 3rd period - Shot Misses the Net.
0:32 of 3rd period - Shot by Nathan Horton.
0:32 of 3rd period - Stopped by Carey Price with a rebound.
0:34 of 3rd period - Shot by Patrice Bergeron.
0:34 of 3rd period - Shot Blocked by Derek Morris.
0:47 of 3rd period - Icing by Zdeno Chara.
0:48 of 3rd period - Patrice Bergeron wins face-off versus Ryan Johnson in Bruins zone.
1:14 of 3rd period - Icing by David Krejci.
1:15 of 3rd period - Craig Conroy wins face-off versus Ales Hemsky in Bruins zone.
1:27 of 3rd period - Off-side.
1:28 of 3rd period - David Krejci wins face-off versus Ryan Johnson in neutral zone.
2:22 of 3rd period - Shot by John Tavares.
2:22 of 3rd period - Stopped by Tuukka Rask with a rebound.
3:26 of 3rd period - Jamie Benn is hit by Evander Kane and loses puck.
3:28 of 3rd period - Minor Penalty to Evander Kane for Hooking.
3:29 of 3rd period - Sidney Crosby wins face-off versus Patrice Bergeron in Bruins zone.
3:53 of 3rd period - Icing by Brad Boyes.
3:54 of 3rd period - Sidney Crosby wins face-off versus Patrice Bergeron in Senators zone.
4:20 of 3rd period - Shot by John Tavares.
4:20 of 3rd period - Stopped by Tuukka Rask without a rebound.
4:21 of 3rd period - Jason Spezza wins face-off versus David Krejci in Bruins zone.
4:26 of 3rd period - Shot by Jamie Benn.
4:26 of 3rd period - Shot Blocked by Jordan Leopold.
4:28 of 3rd period - Shot by Jason Spezza.
4:28 of 3rd period - Shot Misses the Net.
4:30 of 3rd period - Shot by Dion Phaneuf.
4:30 of 3rd period - Stopped by Tuukka Rask without a rebound.
4:31 of 3rd period - Patrice Bergeron wins face-off versus Jason Spezza in Bruins zone.
5:34 of 3rd period - Double Minor Penalty to Derek Morris for High sticking.
5:35 of 3rd period - Craig Conroy wins face-off versus David Krejci in Senators zone.
5:35 of 3rd period - Craig Conroy is hit by Rick Nash.
5:47 of 3rd period - Nathan Horton is hit by Ruslan Fedotenko and loses puck.
5:54 of 3rd period - Shot by Zdeno Chara.
5:54 of 3rd period - Stopped by Carey Price without a rebound.
5:55 of 3rd period - Craig Conroy wins face-off versus David Krejci in Senators zone.
6:23 of 3rd period - Minor Penalty to Ruslan Fedotenko for Hooking.
6:24 of 3rd period - Patrice Bergeron wins face-off versus Ryan Johnson in Senators zone.
6:32 of 3rd period - Rick Nash is hit by Dion Phaneuf and loses puck.
7:06 of 3rd period - Icing by Tobias Enstrom.
7:07 of 3rd period - Craig Conroy wins face-off versus Patrice Bergeron in Bruins zone.
7:11 of 3rd period - Icing by Zdeno Chara.
7:12 of 3rd period - Patrice Bergeron wins face-off versus Ryan Johnson in Bruins zone.
8:58 of 3rd period - Icing by Patrice Bergeron.
8:59 of 3rd period - Patrice Bergeron wins face-off versus John Tavares in Bruins zone.
9:39 of 3rd period - John Tavares is hit by Zdeno Chara and loses puck.
9:40 of 3rd period - Minor Penalty to Adam McQuaid for Roughing.
9:41 of 3rd period - Jason Spezza wins face-off versus Gregory Campbell in Bruins zone.
9:51 of 3rd period - Icing by Jamie Benn.
9:52 of 3rd period - David Krejci wins face-off versus Jason Spezza in Senators zone.
10:26 of 3rd period - Icing by Jan Hejda.
10:27 of 3rd period - Patrice Bergeron wins face-off versus Sidney Crosby in Senators zone.
12:30 of 3rd period - Zdeno Chara is hit by Joffrey Lupul and loses puck.
12:42 of 3rd period - Minor Penalty to Claude Giroux for Hooking.
12:43 of 3rd period - Ryan Johnson wins face-off versus Patrice Bergeron in Senators zone.
13:49 of 3rd period - Shot by Jordan Leopold.
13:49 of 3rd period - Stopped by Carey Price without a rebound.
13:50 of 3rd period - John Tavares wins face-off versus David Krejci in Senators zone.
15:10 of 3rd period - Derick Brassard is hit by Joffrey Lupul and loses puck.
15:30 of 3rd period - Off-side.
15:31 of 3rd period - Patrice Bergeron wins face-off versus Jason Spezza in neutral zone.
15:33 of 3rd period - Ales Hemsky is hit by Dion Phaneuf and loses puck.
15:37 of 3rd period - Chris Kelly is hit by Andreas Lilja and loses puck.
15:40 of 3rd period - Shot by Patrice Bergeron.
15:40 of 3rd period - Stopped by Carey Price without a rebound.
15:41 of 3rd period - Patrice Bergeron wins face-off versus Jason Spezza in Senators zone.
15:47 of 3rd period - Minor Penalty to Tobias Enstrom for Hooking.
15:48 of 3rd period - Sidney Crosby wins face-off versus Patrice Bergeron in Bruins zone.
16:14 of 3rd period - Shot by Sidney Crosby.
16:14 of 3rd period - Shot Misses the Net.
16:42 of 3rd period - Shot by Brian Rafalski.
16:42 of 3rd period - Stopped by Tuukka Rask with a rebound.
16:46 of 3rd period - Shot by John Tavares.
16:46 of 3rd period - Shot Misses the Net.
16:48 of 3rd period - Shot by Brian Rafalski.
16:48 of 3rd period - Shot Misses the Net.
16:50 of 3rd period - Shot by Jamie Benn.
16:50 of 3rd period - Shot Misses the Net.
16:52 of 3rd period - Shot by Brian Rafalski.
16:52 of 3rd period - Deflect By John Tavares.
16:52 of 3rd period - Stopped by Tuukka Rask without a rebound.
16:53 of 3rd period - Patrice Bergeron wins face-off versus Jason Spezza in Bruins zone.
16:53 of 3rd period - Patrice Bergeron is hit by Jamie Benn.
17:07 of 3rd period - Shot by Dion Phaneuf.
17:07 of 3rd period - Shot Blocked by Jordan Leopold.
18:31 of 3rd period - Nathan Horton is hit by Claude Giroux and loses puck.
19:05 of 3rd period - Off-side.
19:06 of 3rd period - Patrice Bergeron wins face-off versus John Tavares in neutral zone.
19:11 of 3rd period - Shot by Milan Lucic.
19:11 of 3rd period - Shot Misses the Net.
19:14 of 3rd period - Icing by Craig Conroy.
19:15 of 3rd period - Patrice Bergeron wins face-off versus John Tavares in Senators zone.
19:25 of 3rd period - Nicklas Lidstrom is hit by Zdeno Chara and loses puck.
19:34 of 3rd period - Shot by John Tavares.
19:34 of 3rd period - Stopped by Tuukka Rask without a rebound.
19:35 of 3rd period - David Krejci wins face-off versus Sidney Crosby in Bruins zone.


Output by the SimonT Hockey Simulator (STHS) for Stephane Roy -- Original Page W3C XHTML 1.0 Valid